 Dungeon Crawl Stone Soup version 0.29-a0-559-g359e09b9d1 (webtiles) character file.

Game seed: 14314232812964945317

255228 lilufo the Slayer (level 19, 0/201 HPs)
             Began as a Minotaur Berserker on June 9, 2022.
             Was a High Priest of Trog.
             Slain by a hell knight
             ... wielding a +2 demon trident of flaming
              (12 damage)
             ... on level 2 of the Depths on June 10, 2022.
             The game lasted 02:34:43 (42209 turns).

lilufo the Slayer (Minotaur Berserker)             Turns: 42209, Time: 02:34:44

Health: 0/201      AC: 37    Str: 34    XL:     19   Next: 4%
Magic:  28/28      EV: 10    Int:  9    God:    Trog [*****.]
Gold:   3486       SH:  0    Dex: 11    Spells: 18/18 levels left

rFire   . . .      SeeInvis .   M - +13 battleaxe "Xyfask" {vorpal, Fragile rC+ Dex+3}
rCold   + + +      Faith    +   (shield currently unavailable)
rNeg    . . .      Spirit   .   x - +9 chain mail of the Storm King {Will+}
rPois   +          Reflect  .   N - +3 hat of Pondering {ponderous, Will+ MP+10 Int+5}
rElec   .          Harm     .   Z - +0 cloak {rCorr}
rCorr   +          Rampage  .   n - +2 pair of gloves
Will    +++..                   k - +2 pair of boots
Stlth   ..........              W - amulet of Salvation {Faith Fly rPois rC++ Dex-4}
HPRegen 0.43/turn               u - +4 ring of slaying
MPRegen 0.21/turn               c - +6 ring of strength

@: about to teleport, flying, slow
A: horns 2, retaliatory headbutt
}: 2/15 runes: decaying, serpentine
a: Renounce Religion, Berserk, Trog's Hand, Brothers in Arms


You were on level 2 of the Depths.
You worshipped Trog.
Trog was extremely pleased with you.
You visited 6 branches of the dungeon, and saw 33 of its levels.

You collected 3666 gold pieces.
You spent 180 gold pieces at shops.

Inventory:

Hand Weapons
 l - a +5 vorpal executioner's axe
 J - a +1 vorpal morningstar
 M - the +13 battleaxe "Xyfask" (weapon) {vorpal, Fragile rC+ Dex+3}
   (Trog gifted it to you on level 14 of the Dungeon)

   It inflicts extra damage upon your enemies.
   Dex:       It affects your dexterity (+3).
   rC:        It protects you from cold.
   Fragile:   It will be destroyed if unequipped.
Armour
 k - a +2 pair of boots (worn)
 n - a +2 pair of gloves (worn)
 x - the +9 chain mail of the Storm King (worn) {Will+}
   (You took it off an orc on level 3 of the Dungeon)

   Will:      It increases your willpower.
 K - an orb of mayhem
 N - the +3 hat of Pondering (worn) {ponderous, Will+ MP+10 Int+5}
   (You took it off Gastronok on level 3 of the Lair of Beasts)

   Int:       It affects your intelligence (+5).
   MP:        It affects your magic capacity (+10).
   Will:      It increases your willpower.
 Z - a +0 cloak of preservation (worn)
Jewellery
 a - a ring of positive energy
 c - a +6 ring of strength (right hand)
 e - an amulet of regeneration
 s - a ring of resist corrosion
 t - a ring of ice
 u - a +4 ring of slaying (left hand)
 A - a ring of protection from fire
 E - a +4 ring of evasion
 O - a ring of protection from cold
 W - the amulet of Salvation (around neck) {Faith Fly rPois rC++ Dex-4}
   (You acquired it on level 13 of the Dungeon)

   [amulet of faith]

   It allows you to gain divine favour quickly.
   Dex:       It affects your dexterity (-4).
   rC:        It greatly protects you from cold.
   rPois:     It protects you from poison.
   Fly:       It grants you flight.
 X - a ring of flight
Wands
 f - a wand of polymorph (50)
 q - a wand of iceblast (54)
 v - a wand of flame (68)
 w - a wand of acid (5)
 C - a wand of mindburst (5)
 G - a wand of digging (11)
 V - a wand of paralysis (15)
Scrolls
 i - 2 scrolls of magic mapping
 m - 5 scrolls of fog
 y - 3 scrolls of enchant armour
 B - 16 scrolls of teleportation
 H - a scroll of silence
 I - 3 scrolls of blinking
 R - a scroll of brand weapon
 S - 4 scrolls of fear
 U - 6 scrolls of enchant weapon
Potions
 b - a potion of ambrosia
 d - 5 potions of resistance
 j - 12 potions of curing
 o - 4 potions of berserk rage
 p - 3 potions of invisibility
 r - 3 potions of cancellation
 z - 3 potions of might
 D - a potion of heal wounds
 F - 4 potions of haste
 P - 2 potions of flight
 Q - 4 potions of lignification
Miscellaneous
 g - a condenser vane
 L - a phantom mirror
 T - a tin of tremorstones (2/2)


   Skills:
 + Level 25.1 Fighting
 - Level 24.0 Axes
 + Level 21.8 Armour
 - Level 2.2 Dodging
 + Level 3.7 Evocations


You had 18 spell levels left.
You didn't know any spells.
Your spell library was empty.

Dungeon Overview and Level Annotations

Branches:
Dungeon (15/15)            Temple (0/1) D:7            Lair (6/6) D:8
  Swamp (4/4) Lair:2        Snake (4/4) Lair:3        Slime (0/5) Lair:6
    Orc (2/2) D:10            Elf (0/3) Orc:2        Vaults (0/5) D:14
 Depths (2/4) D:15

Altars:
Fedhas
Sif Muna
Uskayaw
Beogh

Shops:
D:7 *   Orc:1 :   Orc:2 ?(?:   Snake:3 [

Portals:
Hell: Depths:1
Trove: D:10 (show slimy rune of Zot)

Annotations:
D:14 exclusion: ice statue
Lair:6 exclusion: obsidian statue


Innate Abilities, Weirdness & Mutations

You have a pair of horns on your head.
You reflexively headbutt those who attack you in melee.


Message History

The bolt of cold hits you. You resist.
* * * LOW HITPOINT WARNING * * *
The frost giant casts a spell at you. The bolt of cold hits you. You resist.
* * * LOW HITPOINT WARNING * * *
The frost giant hits you with a +0 battleaxe of freezing!!
* * * LOW HITPOINT WARNING * * *
You slash the frost giant!
The frost giant is lightly wounded.
The frost giant casts a spell at you. The bolt of cold misses you.
Unknown command.
You carve the frost giant like a ham!!! You headbutt the frost giant!!
The frost giant is severely wounded.
You slice the frost giant!! You headbutt the frost giant!
You kill the frost giant!
Trog accepts your kill.
Trog appreciates your killing of a magic user.
You start resting.
A hell knight comes into view. It is wielding a +3 long sword.
A hell knight is nearby!
A hell knight comes into view.
It is wielding a +2 demon trident of flaming.
The hell knight shouts! x2; You hear a shout! x2
The hell knight utters an invocation to its god.
The hell knight seems to speed up.
Your deep troll goes berserk! 2 hell knights come into view.
A hell knight is wielding a +2 broad axe of distortion.
The hell knight shouts!
The hell knight mumbles some strange prayers to its god against you.
The bolt of fire hits your deep troll! The bolt of fire hits you!!
* * * LOW HITPOINT WARNING * * *
A hell knight comes into view.
It is wielding a +1 demon blade of draining.
You hear a shout!
As you read the scroll of teleportation, it crumbles to dust.
You feel strangely unstable.
Your deep troll bites the hell knight!
Your deep troll claws the hell knight!
Your deep troll claws the hell knight!!
The hell knight hits your deep troll with a +3 long sword!
The hell knight hits you from afar with a +2 demon trident of flaming!
You die...

..≈§...........
.≈≈≈≈p.........
.≈≈≈≈.pp....#
..≈§≈≈≈.....#
..≈≈...<.)###
..≈.........#
....#...pp.##
... ##.(.T.# .
###)@.# ##.##
###


You could see 5 hell knights and a friendly deep troll (summoned, berserk).

Vanquished Creatures
  Vashnia (Snake:2)
  Saint Roka (Depths:1)
  Nikola (Snake:2)
  Rupert (D:14)
  A walking earthen tome (Depths:1)
  Gastronok (Lair:3)
  A sphinx (Depths:1)
  3 thorn hunters
  Donald (Lair:2)
  Roxanne (Snake:2)
  4 nagarajas (Snake:4)
  A frost giant (Depths:2)
  3 spectral caustic shrikes (Depths:1)
  An orc warlord (Orc:1)
  A very ugly thing (D:15)
  A vampire knight (Depths:2)
  3 stone giants
  5 eleionomae
  Azrael (Snake:2)
  2 bunyips
  A spark wasp (Depths:1)
  3 dire elephants (Lair:6)
  The ghost of Ixinytash the Basher, a journeyman OgAr of Cheibriados (Lair:1)
  A fire dragon (Depths:1)
  3 shambling mangroves (Swamp:4)
  2 yaktaur captains (D:15)
  A boulder beetle (D:14)
  2 salamander tyrants
  30 hydras
  2 rakshasas
  3 ice dragons
  3 ghost crabs
  An ogre mage (D:15)
  9 centaur warriors
  15 naga warriors
  2 catoblepae
  2 two-headed ogres
  A death knight (D:14)
  3 deep troll shamans
  4 anacondas
  10 death yaks
  3 deep troll earth magi
  11 alligators
  2 tengu warriors
  11 naga sharpshooters
  8 shock serpents
  A skeletal warrior (D:15)
  An orc high priest (Orc:2)
  6 goliath frogs
  3 spectral death yaks (Lair:6)
  6 salamander mystics
  12 swamp dragons
  3 sea snakes (Snake:1)
  A spectral anaconda (Lair:6)
  5 deep trolls
  An iron troll (D:15)
  2 spriggan druids
  A death drake (Swamp:2)
  11 bog bodies
  A wizard (D:14)
  6 naga ritualists
  2 deep elf pyromancers
  3 necromancers (Lair:6)
  A deep elf archer (D:15)
  2 orc knights
  6 mana vipers
  6 lindwurms
  2 wolf spiders (D:15)
  16 salamanders
  5 cyclopes
  5 orc sorcerers
  2 will-o-the-wisps (Swamp:4)
  22 ugly things
  10 elephants
  2 dire elephant zombies (Lair:6)
  33 black mambas
  2 guardian serpents
  Joseph (D:7)
  12 naga magi
  2 gargoyles
  2 torpor snails (Lair:5)
  12 cane toads
  4 rime drakes
  An unseen horror (D:9)
  An efreet (D:13)
  6 tengu conjurers
  23 komodo dragons
  2 ice devils (Lair:4)
  2 polar bears
  3 meliai
  4 trolls
  3 bloated husks
  9 hornets
  7 blink frogs
  9 tyrant leeches
  A spectral elephant (Lair:6)
  2 dream sheep (Lair:5)
  8 spriggans
  A water elemental (Depths:2)
  5 wyverns
  Sigmund (D:3)
  2 shadows
  42 yaks
  2 wraiths
  16 humans (D:14)
  3 basilisks
  2 steam dragons
  A fire elemental (Snake:2)
  20 vampire mosquitoes
  A redback (D:15)
  Menkaure (D:5)
  A spectral cane toad (Lair:6)
  12 swamp worms
  5 wargs
  2 acid dragons
  57 nagas
  An ice beast (D:7)
  5 hell hounds (Snake:2)
  17 water moccasins
  8 swamp drakes
  5 black bears
  28 orc warriors
  An elephant zombie (Lair:6)
  3 boggarts (D:15)
  4 ogres
  27 wolves
  24 centaurs
  3 phantoms
  3 kobold brigands
  12 bullfrogs
  2 necrophages (D:6)
  3 scorpions
  3 cane toad simulacra (Lair:6)
  7 wights (D:8)
  An elephant simulacrum (Lair:6)
  3 killer bees (D:8)
  4 electric eels
  5 howler monkeys
  The ghost of initializr the Conjurer, a weakling TeCj (D:3)
  A hound (shapeshifter) (D:14)
  Crazy Yiuf (D:3)
  2 hounds
  3 jellies
  19 orc priests
  Jessica (D:2)
  Ijyb (D:3)
  27 orc wizards
  Natasha (thrice) (D:2)
  3 iguanas
  A spriggan simulacrum (Lair:4)
  A mummy (D:5)
  Robin (D:3)
  8 gnolls
  7 adders
  A naga simulacrum (Lair:4)
  2 white imps
  2 ufetubi
  4 dart slugs
  3 worms
  84 orcs
  11 endoplasms
  A giant cockroach (D:1)
  14 goblins
  12 hobgoblins
  5 jackals
  6 kobolds
  3 quokkas
  6 ball pythons
  5 bats
  6 frilled lizards
  A goblin zombie (D:5)
  A kobold zombie (D:5)
  5 rats
  13 briar patches
1069 creatures vanquished.

Vanquished Creatures (collateral kills)
  A nagaraja (Snake:4)
  2 anacondas
  4 death yaks (Lair:4)
  3 naga warriors
  An alligator (Lair:5)
  Urug (D:14)
  2 naga sharpshooters
  A bog body (Swamp:4)
  2 naga ritualists
  A lindwurm (Lair:3)
  3 salamanders
  A guardian serpent (Snake:4)
  An elephant (Lair:5)
  7 black mambas
  A rime drake (Lair:4)
  A komodo dragon (Lair:3)
  An ice devil (Lair:4)
  3 polar bears
  A basilisk (Lair:5)
  A water elemental (Depths:1)
  A yak (Lair:4)
  4 nagas
  A black bear (Lair:5)
  A wolf (Lair:2)
  A bullfrog (Lair:4)
  A hell rat (Lair:5)
  2 naga simulacra (Lair:4)
49 creatures vanquished.

Vanquished Creatures (others)
  An alligator (Swamp:1)
  A tengu conjurer (Depths:1)
  A blink frog (Lair:6)
  A wyvern (Lair:2)
  3 yaks
  A wolf (Lair:2)
  2 boggarts (D:15)
  A wight (D:8)
  2 orc priests (Orc:2)
  An orc wizard (Orc:2)
  3 orcs (Depths:1)
  A briar patch (Swamp:3)
  4 foxfires (Swamp:4)
  20 fungi
  40 plants
  12 withered plants (Lair:6)
94 creatures vanquished.

Grand Total: 1212 creatures vanquished

Notes
Turn   | Place    | Note
-------+----------+-------------------------------------------
     0 | D:1      | lilufo the Minotaur Berserker began the quest for the Orb.
     0 | D:1      | Reached XP level 1. HP: 19/19 MP: 0/0
   365 | D:1      | Reached XP level 2. HP: 16/27 MP: 1/1
   368 | D:1      | Reached skill level 4 in Fighting
   705 | D:1      | Reached XP level 3. HP: 29/33 MP: 2/2
  1362 | D:2      | Reached ** piety under Trog
  1382 | D:2      | Noticed Natasha
  1386 | D:2      | Killed Natasha
  1387 | D:2      | Reached skill level 5 in Axes
  1387 | D:2      | Reached XP level 4. HP: 41/41 MP: 3/3
  1485 | D:2      | Noticed Natasha
  1489 | D:2      | Killed Natasha
  1522 | D:2      | Noticed Jessica
  1530 | D:2      | Killed Jessica
  1531 | D:2      | Reached skill level 5 in Fighting
  1670 | D:2      | Noticed Natasha
  1684 | D:2      | Killed Natasha
  1685 | D:2      | Reached XP level 5. HP: 48/48 MP: 4/4
  2085 | D:3      | Noticed Robin
  2106 | D:3      | Killed Robin
  2296 | D:3      | Found a faded altar of an unknown god.
  2375 | D:3      | Found a runed translucent gate.
  2375 | D:3      | Noticed initializr's ghost (weakling TeCj)
  2397 | D:3      | Identified the +2 hunting sling of the Living Dead {flame,
                  | Dex+3 SInv}
  2397 | D:3      | Identified the +9 chain mail of the Storm King {Will+}
  2689 | D:3      | Found a runed translucent gate.
  2689 | D:3      | Found a runed translucent gate.
  2766 | D:3      | Noticed Sigmund
  2771 | D:3      | Killed Sigmund
  2772 | D:3      | Reached XP level 6. HP: 57/57 MP: 5/5
  2828 | D:3      | Found a runed translucent door.
  2829 | D:3      | Noticed Crazy Yiuf
  2946 | D:3      | Noticed Ijyb
  2959 | D:3      | Killed Ijyb
  3242 | D:3      | Killed initializr's ghost
  3366 | D:3      | Killed Crazy Yiuf
  3586 | D:4      | Reached skill level 6 in Fighting
  3588 | D:4      | Identified the +5 hunting sling "Xinic" {flame, Dex+5}
  3668 | D:4      | Reached XP level 7. HP: 61/63 MP: 6/6
  3956 | D:5      | Entered Level 5 of the Dungeon
  3969 | D:5      | Reached skill level 5 in Armour
  4479 | D:5      | Reached *** piety under Trog
  4714 | D:5      | Noticed Menkaure
  4727 | D:5      | Killed Menkaure
  4728 | D:5      | Reached XP level 8. HP: 71/71 MP: 7/7
  5141 | D:6      | Reached skill level 10 in Axes
  5144 | D:6      | Reached skill level 7 in Fighting
  5506 | D:6      | Reached XP level 9. HP: 79/79 MP: 8/8
  6234 | D:7      | Reached skill level 8 in Fighting
  6442 | D:7      | Noticed Joseph
  6456 | D:7      | Killed Joseph
  6526 | D:7      | Found a staircase to the Ecumenical Temple.
  6560 | D:7      | Found Quin's Overcharged Wands.
  6950 | D:8      | Found a staircase to the Lair.
  6964 | D:8      | Reached XP level 10. HP: 90/90 MP: 9/9
  7012 | D:8      | Reached **** piety under Trog
  7369 | D:8      | Identified the +1 pair of gloves "Fufos" {Int+6}
  7403 | D:8      | Reached skill level 9 in Fighting
  8009 | D:9      | Reached skill level 10 in Armour
  8554 | Lair:1   | Entered Level 1 of the Lair of Beasts
  8575 | Lair:1   | Reached skill level 10 in Fighting
  8611 | Lair:1   | Found a large runed translucent door.
  8611 | Lair:1   | Found a large runed translucent door.
  8775 | Lair:1   | Reached XP level 11. HP: 100/100 MP: 10/10
  8889 | Lair:1   | Noticed Ixinytash's ghost (journeyman OgAr)
  8904 | Lair:1   | Killed Ixinytash's ghost
  8935 | Lair:1   | Identified the +6 broad axe of Arhaurug {pain, rElec}
  9574 | Lair:2   | Reached skill level 15 in Axes
  9643 | Lair:2   | Reached skill level 11 in Fighting
 10058 | Lair:2   | Reached ***** piety under Trog
 10354 | Lair:2   | Found a staircase to the Swamp.
 10763 | Lair:3   | Noticed a four-headed hydra
 11242 | Lair:3   | Reached XP level 12. HP: 112/112 MP: 11/11
 11270 | Lair:3   | Noticed Gastronok
 11283 | Lair:3   | Killed Gastronok
 11284 | Lair:3   | Reached skill level 12 in Fighting
 11383 | Lair:3   | Found a staircase to the Snake Pit.
 11711 | Lair:3   | Noticed a death yak
 11720 | Lair:3   | Killed a death yak
 11721 | Lair:3   | Reached skill level 1 in Evocations
 12466 | Lair:4   | Noticed a death yak
 12466 | Lair:4   | Noticed a death yak
 12466 | Lair:4   | Noticed a death yak
 12478 | Lair:3   | Killed a death yak
 12590 | Lair:3   | Killed a death yak
 12648 | Lair:3   | Killed a death yak
 12649 | Lair:3   | Reached skill level 13 in Fighting
 12973 | Lair:4   | Received a gift from Trog
 12997 | Lair:4   | Noticed a death yak
 12999 | Lair:4   | Noticed a death yak
 12999 | Lair:4   | Noticed a death yak
 13002 | Lair:4   | Noticed a death yak
 13003 | Lair:4   | Noticed a death yak
 13007 | Lair:4   | Killed a death yak
 13007 | Lair:4   | Killed a death yak
 13008 | Lair:4   | Reached XP level 13. HP: 120/122 MP: 12/12
 13293 | Lair:4   | Reached skill level 14 in Fighting
 14053 | Lair:5   | Reached skill level 15 in Armour
 15163 | Lair:5   | Reached skill level 15 in Fighting
 15461 | Lair:6   | Entered Level 6 of the Lair of Beasts
 15635 | Lair:6   | Reached XP level 14. HP: 135/135 MP: 13/13
 15968 | Lair:6   | Found a staircase to the Slime Pits.
 17005 | Lair:6   | Reached skill level 16 in Fighting
 17821 | D:10     | Entered Level 10 of the Dungeon
 17982 | D:10     | Found a portal to a secret trove of treasure.
 18228 | D:10     | Found a hide-covered altar of Uskayaw.
 18342 | D:10     | Found a staircase to the Orcish Mines.
 18432 | Orc:1    | Entered Level 1 of the Orcish Mines
 18435 | Orc:1    | Received a gift from Trog
 18567 | Orc:1    | Found Niph's Book Emporium.
 18606 | Orc:1    | Noticed an orc warlord
 18621 | Orc:1    | Killed an orc warlord
 18826 | Orc:2    | Entered Level 2 of the Orcish Mines
 18986 | Orc:2    | Received a gift from Trog
 19128 | Orc:2    | Found Xazxad's Weapon Shop.
 19128 | Orc:2    | Found Jagop's Book Boutique.
 19131 | Orc:2    | Found Celad's Magic Scroll Boutique.
 19133 | Orc:2    | Found Tiederuy's Magic Scroll Shop.
 19175 | Orc:2    | Found a staircase to the Elven Halls.
 20727 | D:12     | Reached XP level 15. HP: 146/146 MP: 14/14
 20784 | D:12     | Reached skill level 17 in Fighting
 21892 | D:13     | You fall into a shaft and drop 2 floors!
 21892 | D:15     | Entered Level 15 of the Dungeon
 21972 | D:14     | Reached ****** piety under Trog
 22385 | D:14     | Identified the +13 battleaxe "Xyfask" {vorpal, Fragile rC+
                  | Dex+3} (Trog gifted it to you on level 14 of the Dungeon)
 22385 | D:14     | Received a gift from Trog
 22428 | D:14     | Found a gate to the Vaults.
 22428 | D:14     | Noticed Rupert
 22428 | D:14     | Noticed Urug
 22457 | D:14     | Killed Rupert
 22462 | D:14     | Killed Urug
 23088 | D:14     | Reached skill level 18 in Fighting
 24121 | D:15     | Found a blossoming altar of Fedhas.
 24237 | D:15     | Found a staircase to the Depths.
 24523 | D:15     | Received a gift from Trog
 24869 | D:13     | Reached XP level 16. HP: 123/159 MP: 15/15
 25037 | D:13     | Identified a scroll of acquirement
 25175 | D:13     | Acquired the amulet of Salvation {Faith Fly rPois rC++
                  | Dex-4}
 25342 | Snake:1  | Entered Level 1 of the Snake Pit
 25934 | Snake:1  | Reached skill level 19 in Fighting
 28071 | Snake:2  | Noticed Roxanne
 28081 | Snake:2  | Killed Roxanne
 28801 | Snake:2  | Noticed Nikola
 28808 | Snake:2  | Killed Nikola
 28877 | Snake:2  | Noticed Vashnia
 28901 | Snake:2  | Noticed Azrael
 28912 | Snake:2  | Killed Vashnia
 28915 | Snake:2  | Killed Azrael
 28924 | Snake:2  | Received a gift from Trog
 29487 | Snake:2  | Reached skill level 20 in Fighting
 30344 | Snake:3  | Found a shimmering blue altar of Sif Muna.
 30514 | Snake:3  | Found Ikhlizis's Antique Armour Shoppe.
 30522 | Snake:3  | Bought a pair of runed gloves for 180 gold pieces
 30565 | Snake:3  | Identified the +4 chain mail of Uskayaw's Hope {Dex+3}
 31130 | Snake:4  | Entered Level 4 of the Snake Pit
 31268 | Snake:4  | Reached XP level 17. HP: 156/171 MP: 16/16
 31299 | Snake:4  | Received a gift from Trog
 31858 | Snake:4  | Reached skill level 21 in Fighting
 34014 | Snake:4  | Received a gift from Trog
 34886 | Snake:4  | Reached skill level 22 in Fighting
 34985 | Snake:4  | Got a serpentine rune of Zot
 35198 | Swamp:1  | Entered Level 1 of the Swamp
 35203 | Swamp:1  | Noticed Donald
 35221 | Lair:2   | Killed Donald
 37064 | Swamp:2  | Reached XP level 18. HP: 170/187 MP: 17/17
 37127 | Swamp:2  | Found a blossoming altar of Fedhas.
 37185 | Swamp:2  | Received a gift from Trog
 37630 | Swamp:3  | Reached skill level 23 in Fighting
 38711 | Swamp:4  | Entered Level 4 of the Swamp
 39327 | Swamp:4  | Received a gift from Trog
 39389 | Swamp:4  | Reached skill level 24 in Fighting
 39845 | Swamp:4  | Got a decaying rune of Zot
 40600 | Depths:1 | Entered Level 1 of the Depths
 40636 | Depths:1 | Noticed Saint Roka
 41463 | Depths:1 | Received a gift from Trog
 41471 | Depths:1 | Killed Saint Roka
 41980 | Depths:1 | Noticed a walking earthen tome
 41986 | Depths:1 | Killed a walking earthen tome
 41997 | Depths:1 | Reached skill level 25 in Fighting
 42002 | Depths:1 | HP: 4/194 [spark wasp (12)]
 42002 | Depths:1 | Found a gateway to Hell.
 42023 | Depths:1 | HP: 7/194 [stone giant/large rock (7)]
 42038 | Depths:1 | HP: 8/194 [stone giant/large rock (16)]
 42066 | Depths:2 | Reached XP level 19. HP: 29/201 MP: 18/18
 42142 | Depths:2 | HP: 3/201 [frost giant/+0 battleaxe of freezing (22)]
 42209 | Depths:2 | Slain by a hell knight

Illustrated notes

Levels and vault maps discovered:
D:1:      wander_arrival_estate, layout_basic,
          nicolae_concentric_dashed_squares_mild
D:2:      layout_basic, minivault_26, uniq_natasha, uniq_jessica
D:3:      layout_loops_ring, biasface_ghost_orc_armoury,
          chequers_ecumenical_altar_island, nrook_campfire, uniq_ijyb,
          uniq_robin, uniq_crazy_yiuf_cottage, uniq_sigmund
D:4:      layout_cave_pools, hex_tiny, minmay_misc_feat_iff
D:5:      layout_loops_ring, nicolae_ossuary_entry_giza, grunt_ministairs_13,
          hex_medium, roderic_roman_lattice, uniq_menkaure
D:6:      hangedman_cross_stitches, layout_basic
D:7:      layout_basic, minmay_temple_entry_arrows, minmay_misc_feat_ornament,
          dreamdust_princess_bridge, nicolae_shop_overcharged_wands, uniq_joseph
D:8:      layout_rooms, lair_entry_dummy
D:9:      layout_loops_ring, kennysheep_decorative_pillar
D:10:     layout_loops_ring, nicolae_uskayaw_dance_hall, orc_0_dummy,
          nicolae_trove_entry_crystal, minmay_lindwurm_lava
D:11:     layout_basic
D:12:     layout_cave_pools, serial_co_window_serial, co_window_corner_a,
          co_window_paths_a, co_window_paths_b, co_window_corner_a,
          co_window_paths_b, co_window_corner_ca, co_window_corner_ca,
          co_window_2corner, co_window_cross_4, co_window_paths_c,
          glass_columns_a, glass_columns_b, glass_columns_b, glass_columns_a,
          glass_columns_b
D:13:     layout_roguey, serial_bayou_pond_d
D:14:     layout_loops_corners, david_vaults_3,
          portal_ice_cave_entry_ice_statue_one, roderic_three_in_a_row
D:15:     grunt_enter_depths_hoard, layout_rooms, fedhas_altar_1, serial_glass,
          glass_columns_c, glass_columns_b, glass_columns_b, glass_columns_b,
          glass_columns_b, glass_columns_b, hangedman_abyss_or_decor_passed,
          minivault_12
Lair:1:   layout_long_grid, ebering_ghost_disaster_area,
          infiniplex_staircase_pool
Lair:2:   layout_loops_ring, minmay_swamp_entry_worms, beast_lair_carwin_7
Lair:3:   layout_loops_ring, guppyfry_snake_entry_garden, nzn_random_ring,
          uniq_gastronok
Lair:4:   dreamdust_isle_of_ice, layout_long_grid, beast_lair_carwin_8,
          grunt_megastairs_2, serial_bayou_shore_b
Lair:5:   layout_cave_pods, nicolae_lair_lakeside_cave
Lair:6:   due_jungle_book, layout_gridlike, nicolae_slime_entry_slimehenge
Swamp:1:  layout_basic_swamp, infiniplex_staircase_pool_2, swamp_pool1,
          uniq_donald
Swamp:2:  layout_basic_swamp, evilmike_swamp_ruin_house_3,
          nicolae_swamp_godswood
Swamp:3:  layout_basic_swamp, serial_swamp_ruin, evilmike_swamp_ruin_house_6,
          evilmike_swamp_ruin_house_5, evilmike_swamp_ruin_house_4, swamp_pool3,
          nicolae_swamp_triple_paths
Swamp:4:  swamp_basic_johnstein, layout_basic_swamp
Snake:1:  layout_layer_cave, guppyfry_snake_island
Snake:2:  layout_gridlike, uniq_azrael, uniq_vashnia, uniq_nikola, uniq_roxanne
Snake:3:  layout_cave_town, basic_altar, serial_shops, nicolae_shop_stone,
          nicolae_coiled_stairwell_up
Snake:4:  minmay_snake_end_coiled, layout_layer_cave
Orc:1:    layout_caves, serial_shops, shop
Orc:2:    st_orc_mages, layout_caves, basic_altar
Depths:1: layout_basic, nicolae_elyvilon_peaceful_grove,
          pf_hell_entry_tar_river, nicolae_two_hexagons,
          evilmike_ruin_ashenzari, uniq_saint_roka
Depths:2: minmay_tri_stars, layout_cave_pools, enter_ziggurat_a,
          lightli_too_deep, nicolae_vehumet_radiance, rand_demon_pan_entry_8

Skill      XL: |  1  2  3  4  5  6  7  8  9 10 11 12 13 14 15 16 17 18 |
---------------+-------------------------------------------------------+-----
Fighting       | 4 5 6 7 8 10 11 13 15 16 18 20 22 25 | 25.1
Axes           | 4 5 7 9 11 12 14 16 17 19 21 23 24 | 24.0
Armour         | 3 4 5 7 9 11 12 14 15 16 17 18 20 21 | 21.8
Evocations     | 1 2 3 |  3.7
Dodging        | |  2.2

Action                   |  1- 3 |  4- 6 |  7- 9 | 10-12 | 13-15 | 16-18 | 19-21 || total
-------------------------+-------+-------+-------+-------+-------+-------+-------++-------
Melee: Hand axe          |    73 |   133 |   246 |    38 |       |       |       ||   490
       Headbutt          |     7 |    15 |    56 |   125 |   247 |   193 |     4 ||   647
       Punch             |       |     2 |     3 |     4 |       |       |       ||     9
       War axe           |       |       |       |   462 |    60 |       |       ||   522
       Morningstar       |       |       |       |     1 |    27 |       |       ||    28
       Battleaxe         |       |       |       |       |   527 |   799 |     7 ||  1333
       Executioner's axe |       |       |       |       |   296 |       |       ||   296
Invok: Berserk           |     1 |     9 |     5 |     7 |     2 |     4 |       ||    28
       Trog's Hand       |     1 |     3 |     3 |     2 |     1 |     5 |       ||    15
       Brothers in Arms  |       |       |       |     2 |     5 |    12 |     1 ||    20
Evoke: Wand              |       |       |       |     1 |     5 |    12 |       ||    18
       Tin of tremorston |       |       |       |       |     1 |     1 |       ||     2
       Condenser vane    |       |       |       |       |       |     1 |       ||     1
  Use: Scroll            |     3 |     8 |     5 |     9 |    10 |    10 |     1 ||    46
       Potion            |       |       |       |       |     2 |     5 |       ||     7
 Stab: Distracted        |       |       |       |     1 |     1 |     2 |       ||     4
Armor: Animal skin       |     9 |       |       |       |       |       |       ||     9
       Ring mail         |       |    34 |       |       |       |       |       ||    34
       Chain mail        |       |    19 |   131 |   346 |   644 |   775 |     2 ||  1917
Dodge: Dodged            |    49 |    70 |   148 |   317 |   569 |   427 |     2 ||  1582

Table legend: (Time is in decaauts)
 A = Elapsed time spent in this place.
 B = Non-inter-level travel time spent in this place.
 C = Inter-level travel time spent in this place.
 D = Time resting spent in this place.
 E = Time spent auto-exploring this place.
 F = Levels seen in this place.
 G = Mean time per level.
                   A        B        C        D        E       F      G
               +--------+--------+--------+--------+--------+-----+--------+
         Total |  43121 |  40731 |   2390 |  15263 |  17244 |  33 | 1306.7 |
       Dungeon |  16757 |  15611 |   1146 |   4579 |   8091 |  15 | 1117.1 |
          Lair |   9457 |   8644 |    813 |   3409 |   3705 |   6 | 1576.2 |
         Swamp |   5031 |   4921 |    110 |   2015 |   1884 |   4 | 1257.8 |
     Snake Pit |  10087 |   9803 |    284 |   5070 |   2619 |   4 | 2521.8 |
  Orcish Mines |   1198 |   1164 |     34 |     76 |    787 |   2 |  599.0 |
        Depths |    589 |    589 |      0 |    112 |    157 |   2 |  294.5 |
               +--------+--------+--------+--------+--------+-----+--------+

Top non-repeatable levels by time:
 Snake:4: 3533 daAuts
 Snake:1: 2251 daAuts
    D:15: 2231 daAuts
 Snake:3: 2181 daAuts
  Lair:6: 2164 daAuts
 Snake:2: 2121 daAuts
  Lair:2: 1884 daAuts
  Lair:3: 1814 daAuts
 Swamp:4: 1693 daAuts
    D:14: 1692 daAuts
  Lair:5: 1452 daAuts
     D:3: 1423 daAuts
 Swamp:3: 1334 daAuts
     D:1: 1217 daAuts
     D:6: 1187 daAuts
